 Dungeon Crawl Stone Soup version 0.28.0-53-g5a82cb258f (webtiles) character file.

Game seed: 15301457495734735299

1785 bnorton916 the Magician (level 8, -2/35 (41) HPs)
             Began as a Deep Elf Fire Elementalist on July 18, 2022.
             Was an Initiate of Gozag.
             Slain by a wight
             ... wielding a +2 falchion
              (4 damage)
             ... on level 6 of the Dungeon.
             The game lasted 00:09:28 (9725 turns).

bnorton916 the Magician (DEFE)                      Turns: 9725, Time: 00:09:29

HP:   -2/35 (41)    AC:  3    Str: 11    XL:     8   Next: 81%
MP:   14/19         EV: 12    Int: 29    God:    Gozag
Gold: 204           SH:  0    Dex: 15    Spells: 2/19 levels left

rFire   + . .      SeeInvis .   b - staff of fire
rCold   . . .      Faith    .   (no shield)
rNeg    . . .      Spirit   .   a - +0 robe
rPois   .          Reflect  .   (no helmet)
rElec   .          Harm     .   (no cloak)
rCorr   .          Rampage  .   (no gloves)
Will    .....                   m - +0 pair of boots
Stlth   ++........              (no amulet)
HPRegen 0.11/turn               e - +6 ring of intelligence
MPRegen 0.16/turn               j - +6 ring of strength

@: heavily drained
A: no striking features
a: Renounce Religion, Potion Petition, Call Merchant, Bribe Branch


You were on level 6 of the Dungeon.
You worshipped Gozag.
Gozag was aware of your devotion.
You visited 2 branches of the dungeon, and saw 7 of its levels.
You also visited: Sewer.

You collected 428 gold pieces.
You spent 134 gold pieces at shops.
You paid 90 gold pieces to Gozag.

Inventory:

Hand Weapons
 g - a +1 dagger of venom
 q - a +2 dagger of flaming
 u - a +2 vorpal war axe
Missiles
 d - 229 stones
Armour
 a - a +0 robe (worn)
 i - +0 ice dragon scales
 m - a +0 pair of boots (worn)
 x - an orb of energy
Magical Staves
 b - a staff of fire (weapon)
Jewellery
 e - a +6 ring of intelligence (left hand)
 j - a +6 ring of strength (right hand)
 l - a ring of willpower
 p - a ring of protection from fire
 v - a ring of protection from cold
Wands
 f - a wand of flame (21)
 t - a wand of mindburst (16)
Scrolls
 c - 8 scrolls of teleportation
 n - 2 scrolls of summoning
 r - 3 scrolls of torment
 s - 3 scrolls of fog
Potions
 h - 4 potions of heal wounds
 k - 3 potions of mutation
 o - 2 potions of ambrosia
 w - a potion of magic {unknown}
 z - a potion of curing {unknown}


   Skills:
 + Level 4.8 Armour
 - Level 2.4 Dodging
 - Level 2.4 Stealth
 - Level 6.4 Spellcasting
 - Level 4.7 Conjurations
 + Level 4.7 Translocations
 - Level 5.8 Fire Magic
 - Level 4.0 Earth Magic


You had 2 spell levels left.
You knew the following spells:

 Your Spells              Type           Power      Damage    Failure   Level
a - Foxfire               Conj/Fire      100%       2x1d9     1%          1
b - Scorch                Fire           100%       2d10      1%          2
c - Conjure Flame         Conj/Fire      56%        6-21      1%          3
d - Stone Arrow           Conj/Erth      68%        3d11      2%          3
e - Flame Wave            Conj/Fire      56%        2d11      6%          4
f - Iskenderun's Mystic   Conj/Tloc      37%        2d9       8%          4

Your spell library contained the following spells:

 Spells                   Type           Power      Damage    Failure   Level
 Sandblast                Erth           64%        2d14      1%          1
 Passwall                 Tmut/Erth      17%        N/A       3%          2
 Sublimation of Blood     Necr           9%         N/A       9%          2
 Inner Flame              Hex/Fire       39%        N/A       4%          3
 Dazzling Flash           Conj/Hex       46%        N/A       6%          3
 Portal Projectile        Hex/Tloc       46%        N/A       6%          3
 Animate Armour           Summ/Erth      42%        N/A       24%         4
 Petrify                  Tmut/Erth      21%        N/A       24%         4
 Airstrike                Air            4%         N/A       47%         4
 Summon Lightning Spire   Summ/Air       9%         N/A       47%         4
 Irradiate                Conj/Tmut      11%        3d17      50%         5
 Lightning Bolt           Conj/Air       11%        1d24      50%         5
 Starburst                Conj/Fire      28%        6d9       67%         6
 Blade Hands              Tmut           4%         N/A       83%         5
 Excruciating Wounds      Necr           4%         N/A       83%         5
 Lehudib's Crystal Spear  Conj/Erth      17%        10d5      100%        8


Dungeon Overview and Level Annotations

Branches:
Dungeon (6/15)             Temple (1/1) D:5           Sewer (visited)

Altars:
Ashenzari
Cheibriados
Dithmenos
Elyvilon
Fedhas
Gozag
Hepliaklqana
Kikubaaqudgha
Makhleb
Nemelex Xobeh
Qazlal
Ru
Sif Muna
Trog
Uskayaw
Vehumet
Wu Jian
Xom
Yredelemnul
Zin
The Shining One

Shops:
D:2 *   D:6 [


Message History

The killer bee zombie closely misses you.
The killer bee zombie hits you!
The killer bee zombie hits you but does no damage.
Casting: Scorch (safe; 1% risk of failure)
Confirm with . or Enter, or press ? or * to list all spells.
You feel a surge of power!
Flames lash the killer bee zombie.
The killer bee zombie is burned terribly!
You destroy the killer bee zombie!
Unknown command.
You start resting.
Magic restored.
You start resting.
You start resting.
HP restored.
You start waiting.
You now have 204 gold pieces (gained 5).
There is an open door here.
You open the door.
A wight comes into view. It is wielding a +2 falchion.
Casting: Scorch (safe; 1% risk of failure)
Confirm with . or Enter, or press ? or * to list all spells.
You feel a surge of power!
Flames lash the wight but do no damage.
The wight barely misses you.
Casting: Scorch (safe; 1% risk of failure)
Confirm with . or Enter, or press ? or * to list all spells.
You feel a surge of power!
Flames lash the wight.
The wight is heavily damaged.
The wight's fire resistance burns away.
The wight hits you with a +2 falchion.
You feel drained. The wight hits you with a +2 falchion!
Casting: Scorch (safe; 1% risk of failure)
Confirm with . or Enter, or press ? or * to list all spells.
You feel a surge of power!
Flames lash the wight.
The wight is burned terribly!
The wight is almost destroyed.
The wight hits you with a +2 falchion!
You feel drained. The wight hits you with a +2 falchion!
* * * LOW HITPOINT WARNING * * *
You feel drained.
You die...
Your body crumbles into a pile of gold.

###########
#.#.#_#.#.#
#+#z#'#'#'#)#####
#...@........'..#
#+#+#'#'#'#'###.#####
$ #.#.#.#.##8...... $
#############)###
#....##..## #...[...
$ #####... ##### ##..
.....## #.#


You could see a wight (combustible).

Vanquished Creatures
  Sigmund (D:5)
  An orc warrior (D:6)
  2 black bears (D:4)
  3 necrophages (D:6)
  A centaur (D:4)
  2 ogres (D:4)
  2 bullfrogs (Sewer)
  2 scorpions
  A wight (D:6)
  A bullfrog zombie (D:6)
  2 hounds
  A human zombie (D:6)
  A centaur skeleton (D:4)
  3 centaur zombies
  2 iguanas
  3 orc wizards
  A killer bee zombie (D:6)
  5 adders
  An ufetubus (D:5)
  A dart slug (D:4)
  11 orcs
  A bat (D:1)
  3 endoplasms
  19 giant cockroaches
  14 goblins
  10 hobgoblins
  7 kobolds
  8 quokkas
  14 ball pythons
  8 frilled lizards
  A quokka skeleton (D:4)
  6 rats
138 creatures vanquished.

Vanquished Creatures (others)
  494 foxfires
494 creatures vanquished.

Grand Total: 632 creatures vanquished

Notes
Turn   | Place    | Note
-------+----------+-------------------------------------------
     0 | D:1      | bnorton916 the Deep Elf Fire Elementalist began the quest
                  | for the Orb.
     0 | D:1      | Reached XP level 1. HP: 10/10 MP: 6/6
   304 | D:1      | Found a faded altar of an unknown god.
   475 | D:1      | Reached XP level 2. HP: 15/15 MP: 5/8
  1233 | D:2      | Found Taxug's Assorted Antiques.
  1246 | D:2      | Reached XP level 3. HP: 19/19 MP: 5/10
  1817 | D:2      | Found a blossoming altar of Fedhas.
  1943 | D:3      | Learned a level 2 spell: Scorch
  1947 | D:3      | Learned a level 3 spell: Conjure Flame
  1951 | D:3      | Learned a level 3 spell: Stone Arrow
  2131 | D:3      | Found a glowing drain.
  2148 | D:3      | Reached skill level 4 in Spellcasting
  2231 | Sewer    | Entered a sewer
  2327 | Sewer    | Reached XP level 4. HP: 24/24 MP: 8/12
  2330 | Sewer    | Reached skill level 1 in Earth Magic
  2785 | Sewer    | Noticed a bullfrog
  2786 | Sewer    | Noticed a bullfrog
  2787 | Sewer    | Killed a bullfrog
  2788 | Sewer    | Reached XP level 5. HP: 28/28 MP: 12/14
  2792 | Sewer    | Reached skill level 5 in Spellcasting
  3131 | D:3      | Found an ancient bone altar of Kikubaaqudgha.
  4114 | D:4      | Noticed a black bear
  4123 | D:4      | Killed a black bear
  4124 | D:4      | Reached XP level 6. HP: 32/32 MP: 7/15
  4170 | D:4      | Reached skill level 5 in Fire Magic
  4535 | D:4      | Reached XP level 7. HP: 24/36 MP: 5/17
  5088 | D:4      | Reached skill level 6 in Spellcasting
  5761 | D:5      | Entered Level 5 of the Dungeon
  5871 | D:5      | Found a staircase to the Ecumenical Temple.
  5895 | Temple   | Entered the Ecumenical Temple
  5957 | Temple   | Became a worshipper of Gozag Ym Sagoz the Greedy
  6108 | D:2      | Bought an orange potion for 25 gold pieces
  6108 | D:2      | Bought a scroll labelled SEENOC HAOTHE for 28 gold pieces
  6108 | D:2      | Bought a bubbling black potion for 25 gold pieces
  6108 | D:2      | Bought a scroll labelled SEENOC HAOTHE for 28 gold pieces
  6108 | D:2      | Bought a scroll labelled TYLUXA ZACZUL for 28 gold pieces
  6122 | D:2      | Learned a level 4 spell: Flame Wave
  6458 | D:5      | Found a hazy altar of Hepliaklqana.
  6575 | D:5      | Noticed Sigmund
  6591 | D:5      | Killed Sigmund
  6661 | D:5      | Reached XP level 8. HP: 41/41 MP: 11/19
  6919 | D:5      | Learned a level 4 spell: Iskenderun's Mystic Blast
  7223 | D:6      | Reached skill level 1 in Translocations
  7677 | D:6      | Found Nuwk's Armour Boutique.
  9189 | D:6      | Found a basalt altar of Yredelemnul.
  9725 | D:6      | Slain by a wight

Illustrated notes

Levels and vault maps discovered:
D:1:      dpeg_arrival_shelter, layout_loops_cross,
          ebering_ecumenical_altar_box, kennysheep_minor_cross,
          item_on_display_a
D:2:      layout_basic, serial_shops, shop, basic_altar
D:3:      layout_basic, kiku_gazebo_garden_becter, gup_sewer_entry_pipe
D:4:      kennysheep_the_goblin_king, layout_basic,
          chequers_serial_rivers_small_b
D:5:      layout_gridville, old_standard_altar, minmay_temple_entry_offerings,
          uniq_sigmund
D:6:      layout_rooms, lemuel_mausoleum_altar_yredelemnul, serial_shops, shop,
          nicolae_shop_fire_sale [nicolae_sub_dead_trees]
Temple:   compressed_dpeg_circular_temple

Skill      XL: |  1  2  3  4  5  6  7  8 |
---------------+-------------------------+-----
Conjurations   | 2 3 4 |  4.7
Fire Magic     | 4 5 |  5.8
Spellcasting   | 4 5 6 |  6.4
Earth Magic    | 2 3 4 |  4.0
Armour         | 2 4 |  4.8
Translocations | 4 |  4.7
Dodging        | |  2.4
Stealth        | |  2.4

Action                   |  1- 3 |  4- 6 |  7- 9 || total
-------------------------+-------+-------+-------++-------
Melee: War axe           |       |       |     3 ||     3
 Cast: Foxfire           |   131 |   104 |    59 ||   294
       Scorch            |     1 |     6 |    49 ||    56
       Conjure Flame     |       |     2 |     3 ||     5
       Stone Arrow       |       |       |     4 ||     4
       Flame Wave        |       |       |     1 ||     1
  Use: Scroll            |     2 |       |     7 ||     9
       Potion            |       |       |     1 ||     1
Armor: Robe              |     4 |       |    11 ||    15
Dodge: Dodged            |     9 |     4 |    41 ||    54
